AoeStats
← hightower_208

Arena

507466980Analyzed
2v2 RM · 13d ago on Sep 18, 2026· 48m 24s· 4 players
Game mode
Random Map
Map size
Medium (4 player)
Population
200
Speed
Normal
Resources
Standard
Victory
Conquest
Starting age
Dark Age
Ending age
Imperial Age
RankedLock teamsTeams togetherTeam positionsShared explorationLock speedFull tech treeHidden civsTurbo modeCheats
Victory
Defeat
🇩🇪 Spanish · Germany
1681
+12
🇩🇪 Bohemians · Germany
1636
+14
🇷🇺 Cumans · Russia
1703
-17
🇷🇺 Tatars · Russia
1473
-9
nikolay.borisbl4
6:49 Loom
9:02 Feudal Age
13:32 Fletching
13:29 Town Watch
15:40 Padded Archer Armor
20:25 Wheelbarrow
28:16 Castle Age
27:40 Double-Bit Axe
28:53 Horse Collar
30:30 Husbandry
35:41 Bodkin Arrow
36:43 Hand Cart
37:42 Bow Saw
41:06 Heavy Plow
41:32 Leather Archer Armor
44:11 Ballistics
45:35 Gold Mining
50:23 Imperial Age
Legate
8:36 Feudal Age
9:06 Double-Bit Axe
10:02 Horse Collar
15:17 Wheelbarrow
18:20 Gold Mining
21:06 Castle Age
19:17 Scale Barding Armor
19:51 Bloodlines
20:16 Forging
20:40 Loom
22:23 Chain Barding Armor
22:14 Bow Saw
22:32 Hand Cart
24:51 Iron Casting
26:37 Devotion
26:53 Stone Mining
26:31 Capped Ram
30:59 Imperial Age
29:25 Fletching
29:48 Padded Archer Armor
29:32 Elite Skirmisher
30:09 Bodkin Arrow
30:44 Ballistics
30:48 Masonry
31:08 Leather Archer Armor
31:09 Town Watch
31:10 Cavalier
33:29 Plate Barding Armor
34:56 Blast Furnace
34:42 Ring Archer Armor
35:13 Two-Man Saw
35:13 Siege Ram
37:07 Chemistry
37:03 Gold Shaft Mining
36:29 Heavy Plow
36:43 Murder Holes
37:21 Paladin
38:36 Conscription
40:09 Parthian Tactics
39:50 Thumb Ring
40:04 Pikeman
40:45 Squires
40:46 Scale Mail Armor
40:31 Elite Kipchak
41:15 Halberdier
41:40 Arson
42:27 Crop Rotation
43:46 Coinage
44:04 Hoardings
45:02 Chain Mail Armor
hightower_208
10:49 Feudal Age
12:01 Loom
14:40 Castle Age
14:04 Double-Bit Axe
13:59 Horse Collar
22:06 Padded Archer Armor
26:03 Wheelbarrow
25:56 Husbandry
29:47 Leather Archer Armor
34:55 Imperial Age
33:16 Scale Barding Armor
33:23 Bloodlines
34:46 Chain Barding Armor
34:45 Hand Cart
36:16 Plate Barding Armor
35:02 Cavalier
36:30 Forging
36:52 Paladin
40:26 Iron Casting
39:54 Gold Mining
43:46 Blast Furnace
42:37 Fletching
43:15 Conscription
43:20 Caravan
44:59 Bodkin Arrow
46:34 Supremacy
48:04 Fortified Wall
48:15 Ballistics
48:05 Masonry
Mjoelnir
9:41 Feudal Age
8:36 Loom
13:28 Castle Age
14:06 Horse Collar
14:12 Double-Bit Axe
22:15 Fervor
25:10 Wheelbarrow
24:51 Bow Saw
25:15 Scale Mail Armor
25:33 Pikeman
26:14 Squires
27:13 Chain Mail Armor
30:40 Hand Cart
31:16 Forging
34:00 Imperial Age
33:52 Iron Casting
34:06 Halberdier
35:17 Plate Mail Armor
35:49 Blast Furnace
35:54 Chemistry
34:18 Capped Ram
36:19 Two-Man Saw
35:20 Heavy Plow
39:28 Coinage
39:53 Houfnice
41:58 Siege Engineers
42:03 Masonry
45:57 Caravan
49:15 Banking
Connection lost

Rejoining the realm…

Still unreachable

The connection could not be restored.

Session expired

The server has moved on; the page needs a fresh start.